Coyotes vs Jets

Created - 15 février 2022 at 16:41

Goals
1 2 3 T
Coyotes 2 0 1 3
Jets 3 1 1 5
Shots
1 2 3 T
Coyotes 13 4 8 25
Jets 14 3 3 20

GoalsPenalties
1st period
1. Coyotes , Boone Jenner 15 (Frank Vatrano 5, Dante Fabbro 16) at 0:59
2. Jets , Ryan Hartman 12 (Kris Letang 30, Aaron Ekblad 36) at 5:48
3. Jets , MacKenzie Weegar 11 (Brandon Saad 18, Patrice Bergeron 32) at 10:07 (PP)
4. Jets , James van Riemsdyk 13 (Kris Russell 17, Ryan Getzlaf 10) at 10:19
5. Coyotes , Jesper Bratt 16 (Michal Kempny 17, Ryan Johansen 29) at 17:12
Kiefer Sherwood (ARI) for Delaying the game (Minor) at 8:18
2nd period
6. Jets , Jaden Schwartz 16 (Patrice Bergeron 33, Brandon Saad 19) at 13:42
Kris Russell (WIN) for Roughing (Minor) at 4:23
Ryan Getzlaf (WIN) for Hooking (Minor) at 16:01
Dante Fabbro (ARI) for High sticking (Minor) at 19:01
3rd period
7. Coyotes , Robert Thomas 5 (Andrej Sekera 28) at 10:10
8. Jets , Aaron Ekblad 16 (Jaden Schwartz 22, Patrice Bergeron 34) at 13:37
Ryan Getzlaf (WIN) for Tripping (Minor) at 6:41
Goalie Stats
Elvis Merzlikins (ARI), 13 saves from 17 shots - (0,765), L, 4-5-2, 33:42 minutes
Tuukka Rask (ARI), 2 saves from 3 shots - (0,667), 26:18 minutes
Semyon Varlamov (WIN), 22 saves from 25 shots - (0,880), W, 32-14-2, 60:00 minutes
3 StarsOfficial
1 - Aaron Ekblad (WIN)
2 - Jaden Schwartz (WIN)
3 - Patrice Bergeron (WIN)
Referees : Greg Kimmerly and Kendrick Nicholson
Linesman : Steve Miller and Greg Devorski
Game Note
Tuukka Rask enters game at 13:42 of 2nd period



Team Name Goals Shots Shots Attemp Shots Blocked PIM HIT PP PK FO%
Coyotes 3255984260 / 3 (0%)149%
Jets 52050156251 / 2 (50%)051%

Coyotes
Player Name POS G A P +/- PIM HIT SHT SB MP PP MP PP SHT PK MP PK SHT FO% FOT
Andrej SekeraD0111010123:152:0801:5700% 0
Boone JennerC/LW101-1022015:030:4701:38064% 11
Dante FabbroD0111220017:101:2100:0000% 0
Frank VatranoC/LW/RW011-1021012:380:0000:000100% 2
Ilya MikheyevRW000-1012018:140:0001:3800% 0
Jay BouwmeesterD000-2000218:400:4501:5700% 0
Jesper BrattLW/RW1010004019:263:1200:000100% 1
Kaapo KakkoRW000-1001012:380:0000:0000% 0
Kiefer SherwoodC/LW/RW000123005:330:4700:0000% 1
Michael StoneD000-2020118:360:4701:5100% 0
Michal KempnyD0110011118:113:0400:0000% 0
Miro HeiskanenD0000052224:073:4921:5100% 0
Nick PaulC/LW000100006:570:0002:10025% 8
Pavel ZachaC/LW000-1004120:441:5812:10050% 4
Robert ThomasC/RW101100407:593:1200:0000% 0
Ryan JohansenC0110062019:263:1200:00043% 23
Sean MonahanC000-1010018:341:5800:00050% 18
Yegor SharangovichC/LW/RW0000002018:592:4510:000100% 1
Jets
Player Name POS G A P +/- PIM HIT SHT SB MP PP MP PP SHT PK MP PK SHT FO% FOT
Aaron EkbladD1121031222:391:4802:5500% 0
Bo HorvatC0000013019:051:3703:28038% 21
Brandon SaadLW/RW0221002116:112:1110:0000% 0
Connor BrownRW0000001018:571:3703:200100% 1
Gustav ForslingD0000000119:000:0003:1500% 0
Jaden SchwartzLW1121012016:112:1100:0000% 0
James van RiemsdykLW1010001015:051:3700:000100% 1
Jared McCannC/LW000000109:030:0000:1600% 0
Joe ThorntonC/LW0000000010:472:0000:00050% 8
Kris LetangD0111041220:151:4800:0000% 0
Kris RussellD0110220116:090:0000:5600% 0
MacKenzie WeegarD1010011321:042:0012:3000% 0
Nazem KadriC/LW0000031014:000:0000:0000% 0
Patrice BergeronC0331004118:242:1102:13063% 19
Ryan GetzlafC0110441013:260:0000:00047% 19
Ryan GravesD0000030318:520:0002:1800% 0
Ryan HartmanLW/RW1010031016:050:0002:3700% 0
Zach SanfordC/LW/RW000000018:470:0000:0000% 0

Coyotes

5 vs 5 Forward
Line #Left WingCenterRight WingPHYDFOFWanted %Time %Time Play
1Pavel ZachaSean MonahanIlya Mikheyev2123533%16:36
2Jesper BrattRyan JohansenYegor Sharangovich1223532%16:14
3Frank VatranoBoone JennerKaapo Kakko1222325%12:38
4Kiefer SherwoodNick PaulRobert Thomas122710%4:47
5 vs 5 Defense
Line #DefenseDefensePHYDFOFWanted %Time %Time Play
1Miro HeiskanenAndrej Sekera1223025%12:23
2Jay BouwmeesterMichael Stone1313032%15:58
3Michal KempnyDante Fabbro1312432%15:50
4Miro HeiskanenAndrej Sekera1221612%6:04
Power Play Forward
Line #Left WingCenterRight WingPHYDFOFWanted %Time %Time Play
1Pavel ZachaSean MonahanYegor Sharangovich1045046%2:45
2Jesper BrattRyan JohansenRobert Thomas1225054%3:12
Power Play Defense
Line #DefenseDefensePHYDFOFWanted %Time %Time Play
1Miro HeiskanenMichal Kempny1225064%3:49
2Dante FabbroAndrej Sekera1225036%2:08
Penalty Kill 4 Players Forward
Line #CenterWingPHYDFOFWanted %Time %Time Play
1Boone JennerIlya Mikheyev1225043%1:38
2Pavel ZachaNick Paul1225057%2:10
Penalty Kill 4 Players Defense
Line #DefenseDefensePHYDFOFWanted %Time %Time Play
1Jay BouwmeesterAndrej Sekera1225051%1:57
2Michael StoneMiro Heiskanen1225049%1:51
Penalty Kill 3 Players
Line #WingPHYDFOFWanted %Time %Time PlayDefenseDefensePHYDFOFWanted %Time %Time Play
1Boone Jenner122500%0:00 Jay BouwmeesterAndrej Sekera122500%0:00
2Nick Paul122500%0:00 Michael StoneMiro Heiskanen122500%0:00
4 vs 4 Forward
Line #CenterWingPHYDFOFWanted %Time %Time Play
1Ryan JohansenJesper Bratt122500%0:00
2Sean MonahanPavel Zacha122500%0:00
4 vs 4 Defense
Line #DefensePHYDFOFWanted %Time %Time Play
1Miro HeiskanenAndrej Sekera122500%0:00
2Jay BouwmeesterMichael Stone122500%0:00
Last Minutes Offensive
Left WingCenterRight WingDefenseDefense
Pavel ZachaSean MonahanJesper BrattMiro HeiskanenAndrej Sekera
Last Minutes Defensive
Left WingCenterRight WingDefenseDefense
Boone JennerPavel ZachaIlya MikheyevJay BouwmeesterAndrej Sekera
Time
Total ForwardTotal DefenseLast Minutes OffensiveLast Minutes Defensive
60:00 60:00 0:000:00
Extra Forwards
Normal PowerPlayPenalty Kill
Jesper Bratt, Boone Jenner, Nick PaulRyan Johansen, Boone JennerNick Paul
Extra Defensemen
Normal PowerPlayPenalty Kill
Jay Bouwmeester, Dante Fabbro, Miro HeiskanenJay Bouwmeester, Michael StoneMichal Kempny
Penalty Shots
Jesper Bratt, Sean Monahan, Yegor Sharangovich, Ryan Johansen, Robert Thomas
Goalie
Elvis Merzlikins, Tuukka Rask
Custom OT Lines Forwards
Ryan Johansen, Jesper Bratt, Sean Monahan, Pavel Zacha, Yegor Sharangovich, Boone Jenner, Ilya Mikheyev, Frank Vatrano, Nick Paul, Kaapo Kakko
Custom OT Lines Defensemen
Miro Heiskanen, Andrej Sekera, Michael Stone, Jay Bouwmeester, Dante Fabbro
Scratches
Kevan Miller (Healthy)

Jets

5 vs 5 Forward
Line #Left WingCenterRight WingPHYDFOFWanted %Time %Time Play
1Nazem KadriBo HorvatConnor Brown1223028%14:00
2Jaden SchwartzPatrice BergeronBrandon Saad1222928%14:00
3James van RiemsdykRyan GetzlafRyan Hartman0322627%13:28
4Jared McCannJoe ThorntonZach Sanford1221517%8:47
5 vs 5 Defense
Line #DefenseDefensePHYDFOFWanted %Time %Time Play
1Kris LetangGustav Forsling1223231%15:45
2MacKenzie WeegarRyan Graves1223033%16:34
3Aaron EkbladKris Russell1222930%14:53
4Kris LetangAaron Ekblad12296%3:03
Power Play Forward
Line #Left WingCenterRight WingPHYDFOFWanted %Time %Time Play
1Jaden SchwartzPatrice BergeronBrandon Saad1135057%2:11
2James van RiemsdykBo HorvatConnor Brown1135043%1:37
Power Play Defense
Line #DefenseDefensePHYDFOFWanted %Time %Time Play
1Kris LetangAaron Ekblad0145047%1:48
2Joe ThorntonMacKenzie Weegar0145053%2:00
Penalty Kill 4 Players Forward
Line #CenterWingPHYDFOFWanted %Time %Time Play
1Patrice BergeronRyan Hartman0505044%2:37
2Bo HorvatConnor Brown0505056%3:20
Penalty Kill 4 Players Defense
Line #DefenseDefensePHYDFOFWanted %Time %Time Play
1Aaron EkbladRyan Graves1405045%2:42
2MacKenzie WeegarGustav Forsling1405055%3:15
Penalty Kill 3 Players
Line #WingPHYDFOFWanted %Time %Time PlayDefenseDefensePHYDFOFWanted %Time %Time Play
1Patrice Bergeron050500%0:00 Aaron EkbladRyan Graves140500%0:00
2Bo Horvat050500%0:00 MacKenzie WeegarGustav Forsling140500%0:00
4 vs 4 Forward
Line #CenterWingPHYDFOFWanted %Time %Time Play
1Bo HorvatNazem Kadri023500%0:00
2Patrice BergeronJared McCann023500%0:00
4 vs 4 Defense
Line #DefensePHYDFOFWanted %Time %Time Play
1Gustav ForslingKris Letang023500%0:00
2Aaron EkbladMacKenzie Weegar023500%0:00
Last Minutes Offensive
Left WingCenterRight WingDefenseDefense
Brandon SaadPatrice BergeronConnor BrownKris LetangMacKenzie Weegar
Last Minutes Defensive
Left WingCenterRight WingDefenseDefense
Zach SanfordPatrice BergeronConnor BrownMacKenzie WeegarRyan Graves
Time
Total ForwardTotal DefenseLast Minutes OffensiveLast Minutes Defensive
60:00 60:00 0:000:00
Extra Forwards
Normal PowerPlayPenalty Kill
Patrice Bergeron, Bo Horvat, Ryan GetzlafJared McCann, Nazem KadriBo Horvat
Extra Defensemen
Normal PowerPlayPenalty Kill
Kris Letang, Aaron Ekblad, MacKenzie WeegarRyan Graves, Kris RussellGustav Forsling
Penalty Shots
Jared McCann, Brandon Saad, Patrice Bergeron, Jaden Schwartz, Bo Horvat
Goalie
Semyon Varlamov, Laurent Brossoit
Custom OT Lines Forwards
Bo Horvat, Brandon Saad, Patrice Bergeron, Jaden Schwartz, Nazem Kadri, Connor Brown, Jared McCann, James van Riemsdyk, Ryan Getzlaf, Zach Sanford
Custom OT Lines Defensemen
Kris Russell, MacKenzie Weegar, Gustav Forsling, Aaron Ekblad, Ryan Graves
Scratches
Austin Watson (Healthy), Joonas Donskoi (Healthy), Riley Sheahan (Healthy), Connor Clifton (Healthy)


Play-by-Play

1st period


0:01 of 1st period - Sean Monahan wins face-off versus Bo Horvat in neutral zone.
0:19 of 1st period - Shot by Nazem Kadri.
0:19 of 1st period - Shot Misses the Net.
0:21 of 1st period - Shot by Kris Letang.
0:21 of 1st period - Deflect By Bo Horvat.
0:21 of 1st period - Stopped by Elvis Merzlikins without a rebound.
0:22 of 1st period - Patrice Bergeron wins face-off versus Ryan Johansen in Coyotes zone.
0:25 of 1st period - Shot by Patrice Bergeron.
0:25 of 1st period - Stopped by Elvis Merzlikins without a rebound.
0:26 of 1st period - Boone Jenner wins face-off versus Ryan Getzlaf in Coyotes zone.
0:55 of 1st period - Shot by Frank Vatrano.
0:55 of 1st period - Shot Blocked by Kris Russell.
0:57 of 1st period - Shot by Frank Vatrano.
0:57 of 1st period - Shot Misses the Net.
0:59 of 1st period - Shot by Boone Jenner.
0:59 of 1st period - Goal by Boone Jenner - Coyotes : 1 - Jets : 0.
1:00 of 1st period - Patrice Bergeron wins face-off versus Ryan Johansen in neutral zone.
1:07 of 1st period - Shot by Patrice Bergeron.
1:07 of 1st period - Deflect By Brandon Saad.
1:07 of 1st period - Stopped by Elvis Merzlikins without a rebound.
1:08 of 1st period - Ryan Johansen wins face-off versus Joe Thornton in Coyotes zone.
1:13 of 1st period - Shot by Joe Thornton.
1:13 of 1st period - Shot Misses the Net.
1:35 of 1st period - MacKenzie Weegar is hit by Ryan Johansen and loses puck.
1:43 of 1st period - Joe Thornton is hit by Miro Heiskanen and loses puck.
2:22 of 1st period - Miro Heiskanen is hit by Kris Letang and loses puck.
2:34 of 1st period - Off-side.
2:35 of 1st period - Sean Monahan wins face-off versus Bo Horvat in neutral zone.
2:35 of 1st period - Sean Monahan is hit by Nazem Kadri.
2:38 of 1st period - Off-side.
2:39 of 1st period - Sean Monahan wins face-off versus Bo Horvat in neutral zone.
2:56 of 1st period - Icing by Kris Russell.
2:57 of 1st period - Nick Paul wins face-off versus Bo Horvat in Jets zone.
3:34 of 1st period - Shot by Robert Thomas.
3:34 of 1st period - Stopped by Semyon Varlamov with a rebound.
3:50 of 1st period - Sean Monahan is hit by Nazem Kadri and loses puck.
3:59 of 1st period - Shot by Jay Bouwmeester.
3:59 of 1st period - Shot Misses the Net.
4:01 of 1st period - Shot by Ilya Mikheyev.
4:01 of 1st period - Stopped by Semyon Varlamov without a rebound.
4:02 of 1st period - James van Riemsdyk wins face-off versus Boone Jenner in Jets zone.
4:12 of 1st period - Shot by Frank Vatrano.
4:12 of 1st period - Stopped by Semyon Varlamov without a rebound.
4:13 of 1st period - Patrice Bergeron wins face-off versus Sean Monahan in Jets zone.
4:18 of 1st period - Shot by Sean Monahan.
4:18 of 1st period - Deflect By Pavel Zacha.
4:18 of 1st period - Stopped by Semyon Varlamov without a rebound.
4:19 of 1st period - Patrice Bergeron wins face-off versus Sean Monahan in Jets zone.
4:58 of 1st period - Shot by Ilya Mikheyev.
4:58 of 1st period - Stopped by Semyon Varlamov without a rebound.
4:59 of 1st period - Boone Jenner wins face-off versus Ryan Getzlaf in Jets zone.
5:08 of 1st period - Shot by James van Riemsdyk.
5:08 of 1st period - Shot Misses the Net.
5:10 of 1st period - Shot by Ryan Getzlaf.
5:10 of 1st period - Stopped by Elvis Merzlikins without a rebound.
5:11 of 1st period - Joe Thornton wins face-off versus Ryan Johansen in Coyotes zone.
5:40 of 1st period - Shot by Jared McCann.
5:40 of 1st period - Stopped by Elvis Merzlikins without a rebound.
5:41 of 1st period - Ryan Getzlaf wins face-off versus Boone Jenner in Coyotes zone.
5:48 of 1st period - Shot by Ryan Hartman.
5:48 of 1st period - Goal by Ryan Hartman - Coyotes : 1 - Jets : 1.
5:49 of 1st period - Ryan Getzlaf wins face-off versus Boone Jenner in neutral zone.
5:49 of 1st period - Aaron Ekblad is hit by Frank Vatrano.
6:27 of 1st period - James van Riemsdyk is hit by Michael Stone and loses puck.
7:09 of 1st period - Shot by Patrice Bergeron.
7:09 of 1st period - Shot Misses the Net.
7:11 of 1st period - Shot by Patrice Bergeron.
7:11 of 1st period - Stopped by Elvis Merzlikins without a rebound.
7:12 of 1st period - Bo Horvat wins face-off versus Sean Monahan in Coyotes zone.
7:43 of 1st period - Shot by Pavel Zacha.
7:43 of 1st period - Shot Blocked by Gustav Forsling.
8:06 of 1st period - Kris Letang is hit by Ryan Johansen and loses puck.
8:13 of 1st period - Shot by Yegor Sharangovich.
8:13 of 1st period - Stopped by Semyon Varlamov with a rebound.
8:15 of 1st period - Shot by Dante Fabbro.
8:15 of 1st period - Deflect By Jesper Bratt.
8:15 of 1st period - Stopped by Semyon Varlamov without a rebound.
8:16 of 1st period - Patrice Bergeron wins face-off versus Nick Paul in Jets zone.
8:18 of 1st period - Minor Penalty to Kiefer Sherwood for Delaying the game.
8:19 of 1st period - Pavel Zacha wins face-off versus Patrice Bergeron in Coyotes zone.
8:19 of 1st period - Pavel Zacha is hit by Jaden Schwartz.
8:52 of 1st period - Shot by Brandon Saad.
8:52 of 1st period - Stopped by Elvis Merzlikins without a rebound.
8:53 of 1st period - Connor Brown wins face-off versus Pavel Zacha in Coyotes zone.
9:21 of 1st period - Shot by Kris Letang.
9:21 of 1st period - Shot Misses the Net.
10:01 of 1st period - Shot by MacKenzie Weegar.
10:01 of 1st period - Shot Misses the Net.
10:03 of 1st period - Shot by Patrice Bergeron.
10:03 of 1st period - Shot Misses the Net.
10:05 of 1st period - Shot by Brandon Saad.
10:05 of 1st period - Shot Misses the Net.
10:07 of 1st period - Shot by MacKenzie Weegar.
10:07 of 1st period - Goal by MacKenzie Weegar - Coyotes : 1 - Jets : 2.
10:08 of 1st period - Ryan Getzlaf wins face-off versus Ryan Johansen in neutral zone.
10:19 of 1st period - Shot by James van Riemsdyk.
10:19 of 1st period - Goal by James van Riemsdyk - Coyotes : 1 - Jets : 3.
10:20 of 1st period - Joe Thornton wins face-off versus Nick Paul in neutral zone.
10:24 of 1st period - Ryan Graves is hit by Dante Fabbro and loses puck.
10:40 of 1st period - Icing by Ryan Graves.
10:41 of 1st period - Ryan Johansen wins face-off versus Joe Thornton in Jets zone.
10:55 of 1st period - Shot by Ryan Johansen.
10:55 of 1st period - Shot Misses the Net.
11:10 of 1st period - Ryan Graves is hit by Ryan Johansen and loses puck.
12:03 of 1st period - Shot by Brandon Saad.
12:03 of 1st period - Shot Blocked by Jay Bouwmeester.
12:13 of 1st period - Shot by Patrice Bergeron.
12:13 of 1st period - Stopped by Elvis Merzlikins without a rebound.
12:14 of 1st period - Boone Jenner wins face-off versus Ryan Getzlaf in Coyotes zone.
12:39 of 1st period - Gustav Forsling is hit by Boone Jenner and loses puck.
13:41 of 1st period - Shot by Pavel Zacha.
13:41 of 1st period - Stopped by Semyon Varlamov without a rebound.
13:42 of 1st period - Ryan Johansen wins face-off versus Bo Horvat in Jets zone.
13:45 of 1st period - Shot by Ryan Johansen.
13:45 of 1st period - Stopped by Semyon Varlamov without a rebound.
13:46 of 1st period - Bo Horvat wins face-off versus Ryan Johansen in Jets zone.
14:08 of 1st period - Bo Horvat is hit by Miro Heiskanen.
14:10 of 1st period - Shot by Nazem Kadri.
14:10 of 1st period - Shot Misses the Net.
14:12 of 1st period - Shot by Ryan Graves.
14:12 of 1st period - Shot Blocked by Miro Heiskanen.
14:14 of 1st period - Shot by Bo Horvat.
14:14 of 1st period - Stopped by Elvis Merzlikins without a rebound.
14:15 of 1st period - Sean Monahan wins face-off versus Patrice Bergeron in Coyotes zone.
14:34 of 1st period - Shot by Pavel Zacha.
14:34 of 1st period - Stopped by Semyon Varlamov without a rebound.
14:35 of 1st period - Frank Vatrano wins face-off versus Bo Horvat in Jets zone.
14:54 of 1st period - Connor Brown is hit by Miro Heiskanen and loses puck.
15:01 of 1st period - Shot by Bo Horvat.
15:01 of 1st period - Shot Misses the Net.
15:03 of 1st period - Shot by Connor Brown.
15:03 of 1st period - Shot Blocked by Miro Heiskanen.
15:15 of 1st period - Shot by Bo Horvat.
15:15 of 1st period - Shot Blocked by Andrej Sekera.
15:34 of 1st period - Jaden Schwartz is hit by Miro Heiskanen and loses puck.
15:43 of 1st period - Shot by Jaden Schwartz.
15:43 of 1st period - Stopped by Elvis Merzlikins without a rebound.
15:44 of 1st period - Ryan Getzlaf wins face-off versus Sean Monahan in Coyotes zone.
16:19 of 1st period - Shot by Pavel Zacha.
16:19 of 1st period - Shot Blocked by Ryan Graves.
16:37 of 1st period - Shot by Jesper Bratt.
16:37 of 1st period - Shot Misses the Net.
16:40 of 1st period - Icing by Ryan Graves.
16:41 of 1st period - Ryan Johansen wins face-off versus Ryan Getzlaf in Jets zone.
17:08 of 1st period - Shot by Ryan Johansen.
17:08 of 1st period - Shot Misses the Net.
17:10 of 1st period - Shot by Michal Kempny.
17:10 of 1st period - Stopped by Semyon Varlamov with a rebound.
17:12 of 1st period - Shot by Jesper Bratt.
17:12 of 1st period - Goal by Jesper Bratt - Coyotes : 2 - Jets : 3.
17:13 of 1st period - Bo Horvat wins face-off versus Nick Paul in neutral zone.
17:18 of 1st period - Shot by Connor Brown.
17:18 of 1st period - Stopped by Elvis Merzlikins without a rebound.
17:19 of 1st period - Sean Monahan wins face-off versus Patrice Bergeron in Coyotes zone.
17:21 of 1st period - Icing by Ilya Mikheyev.
17:22 of 1st period - Patrice Bergeron wins face-off versus Sean Monahan in Coyotes zone.
18:18 of 1st period - Connor Brown is hit by Ilya Mikheyev and loses puck.
19:00 of 1st period - Yegor Sharangovich is hit by Nazem Kadri and loses puck.
19:25 of 1st period - Shot by James van Riemsdyk.
19:25 of 1st period - Shot Hit the Post.
19:32 of 1st period - Icing by Ryan Johansen.
19:33 of 1st period - Ryan Johansen wins face-off versus Joe Thornton in Coyotes zone.
19:52 of 1st period - Aaron Ekblad is hit by Dante Fabbro and loses puck.
19:57 of 1st period - Shot by Joe Thornton.
19:57 of 1st period - Shot Misses the Net.
Goals for this period are 2 for Coyotes vs 3 for Jets.
Shots for this period are 13 for Coyotes vs 14 for Jets.

2nd period


0:01 of 2nd period - Ryan Johansen wins face-off versus Patrice Bergeron in neutral zone.
1:01 of 2nd period - Kris Letang is hit by Sean Monahan and loses puck.
1:18 of 2nd period - Shot by Ilya Mikheyev.
1:18 of 2nd period - Shot Blocked by Kris Letang.
1:20 of 2nd period - Shot by Dante Fabbro.
1:20 of 2nd period - Deflect By Sean Monahan.
1:20 of 2nd period - Shot Blocked by Kris Letang.
1:22 of 2nd period - Shot by Ilya Mikheyev.
1:22 of 2nd period - Shot Blocked by Aaron Ekblad.
2:01 of 2nd period - Icing by Aaron Ekblad.
2:02 of 2nd period - Nick Paul wins face-off versus Patrice Bergeron in Jets zone.
2:05 of 2nd period - Shot by Robert Thomas.
2:05 of 2nd period - Stopped by Semyon Varlamov without a rebound.
2:06 of 2nd period - Ryan Johansen wins face-off versus Bo Horvat in Jets zone.
2:06 of 2nd period - Miro Heiskanen is hit by Ryan Graves and loses puck.
2:26 of 2nd period - MacKenzie Weegar is hit by Ryan Johansen and loses puck.
2:39 of 2nd period - Shot by Connor Brown.
2:39 of 2nd period - Deflect By Nazem Kadri.
2:39 of 2nd period - Stopped by Elvis Merzlikins without a rebound.
2:40 of 2nd period - Ryan Getzlaf wins face-off versus Sean Monahan in Coyotes zone.
2:40 of 2nd period - Ryan Getzlaf is hit by Michael Stone.
2:59 of 2nd period - Sean Monahan is hit by Ryan Hartman and loses puck.
3:38 of 2nd period - Icing by Michael Stone.
3:39 of 2nd period - Sean Monahan wins face-off versus Bo Horvat in Coyotes zone.
3:39 of 2nd period - Sean Monahan is hit by Bo Horvat.
4:07 of 2nd period - Shot by Kris Letang.
4:07 of 2nd period - Stopped by Elvis Merzlikins without a rebound.
4:08 of 2nd period - Boone Jenner wins face-off versus Ryan Getzlaf in Coyotes zone.
4:08 of 2nd period - Boone Jenner is hit by Ryan Getzlaf.
4:11 of 2nd period - Icing by Dante Fabbro.
4:12 of 2nd period - Boone Jenner wins face-off versus Ryan Getzlaf in Coyotes zone.
4:12 of 2nd period - Boone Jenner is hit by Ryan Getzlaf.
4:23 of 2nd period - Minor Penalty to Kris Russell for Roughing.
4:24 of 2nd period - Bo Horvat wins face-off versus Ryan Johansen in Jets zone.
4:24 of 2nd period - Bo Horvat is hit by Ryan Johansen.
4:43 of 2nd period - Shot by Miro Heiskanen.
4:43 of 2nd period - Stopped by Semyon Varlamov without a rebound.
4:44 of 2nd period - Sean Monahan wins face-off versus Bo Horvat in Jets zone.
5:17 of 2nd period - Shot by Pavel Zacha.
5:17 of 2nd period - Stopped by Semyon Varlamov without a rebound.
5:18 of 2nd period - Patrice Bergeron wins face-off versus Ryan Johansen in Jets zone.
7:41 of 2nd period - Sean Monahan is hit by Kris Letang and loses puck.
8:05 of 2nd period - Bo Horvat is hit by Andrej Sekera and loses puck.
9:10 of 2nd period - Icing by Ryan Graves.
9:11 of 2nd period - Ryan Getzlaf wins face-off versus Ryan Johansen in Jets zone.
9:34 of 2nd period - Shot by Ryan Johansen.
9:34 of 2nd period - Shot Blocked by Ryan Graves.
11:20 of 2nd period - Off-side.
11:21 of 2nd period - Bo Horvat wins face-off versus Kiefer Sherwood in neutral zone.
11:21 of 2nd period - Bo Horvat is hit by Kiefer Sherwood.
11:28 of 2nd period - Bo Horvat is hit by Miro Heiskanen and loses puck.
12:10 of 2nd period - Off-side.
12:11 of 2nd period - Jesper Bratt wins face-off versus Ryan Getzlaf in neutral zone.
12:17 of 2nd period - Ryan Graves is hit by Michal Kempny and loses puck.
13:36 of 2nd period - Shot by Jaden Schwartz.
13:36 of 2nd period - Shot Misses the Net.
13:38 of 2nd period - Shot by Brandon Saad.
13:38 of 2nd period - Shot Blocked by Michael Stone.
13:40 of 2nd period - Shot by Patrice Bergeron.
13:40 of 2nd period - Shot Misses the Net.
13:42 of 2nd period - Shot by Jaden Schwartz.
13:42 of 2nd period - Goal by Jaden Schwartz - Coyotes : 2 - Jets : 4.
13:42 of 2nd period - Tuukka Rask enters game.
13:43 of 2nd period - Boone Jenner wins face-off versus Bo Horvat in neutral zone.
14:12 of 2nd period - Shot by Connor Brown.
14:12 of 2nd period - Shot Misses the Net.
15:31 of 2nd period - Dante Fabbro is hit by Ryan Getzlaf and loses puck.
15:35 of 2nd period - Michal Kempny is hit by Ryan Hartman and loses puck.
15:59 of 2nd period - Sean Monahan is hit by Ryan Getzlaf and loses puck.
16:01 of 2nd period - Minor Penalty to Ryan Getzlaf for Hooking.
16:02 of 2nd period - Ryan Johansen wins face-off versus Bo Horvat in Jets zone.
16:05 of 2nd period - Shot by Miro Heiskanen.
16:05 of 2nd period - Stopped by Semyon Varlamov with a rebound.
16:52 of 2nd period - Shot by Michael Stone.
16:52 of 2nd period - Shot Blocked by Aaron Ekblad.
17:10 of 2nd period - MacKenzie Weegar is hit by Kiefer Sherwood and loses puck.
17:46 of 2nd period - Miro Heiskanen is hit by Ryan Graves and loses puck.
18:17 of 2nd period - Shot by Boone Jenner.
18:17 of 2nd period - Deflect By Kaapo Kakko.
18:17 of 2nd period - Shot Misses the Net.
18:19 of 2nd period - Shot by Michael Stone.
18:19 of 2nd period - Shot Misses the Net.
18:29 of 2nd period - Shot by Frank Vatrano.
18:29 of 2nd period - Shot Misses the Net.
18:46 of 2nd period - Icing by Dante Fabbro.
18:47 of 2nd period - Sean Monahan wins face-off versus Patrice Bergeron in Coyotes zone.
18:53 of 2nd period - Dante Fabbro is hit by Aaron Ekblad and loses puck.
19:01 of 2nd period - Minor Penalty to Dante Fabbro for High sticking.
19:02 of 2nd period - Bo Horvat wins face-off versus Pavel Zacha in Coyotes zone.
Goals for this period are 0 for Coyotes vs 1 for Jets.
Shots for this period are 4 for Coyotes vs 3 for Jets.

3rd period


0:01 of 3rd period - Pavel Zacha wins face-off versus Patrice Bergeron in neutral zone.
0:23 of 3rd period - Shot by Kris Letang.
0:23 of 3rd period - Shot Misses the Net.
2:00 of 3rd period - Icing by Ryan Johansen.
2:01 of 3rd period - Joe Thornton wins face-off versus Ryan Johansen in Coyotes zone.
2:04 of 3rd period - Shot by Jared McCann.
2:04 of 3rd period - Shot Misses the Net.
2:06 of 3rd period - Shot by Zach Sanford.
2:06 of 3rd period - Deflect By Joe Thornton.
2:06 of 3rd period - Shot Misses the Net.
2:08 of 3rd period - Shot by Jared McCann.
2:08 of 3rd period - Deflect By Joe Thornton.
2:08 of 3rd period - Shot Misses the Net.
2:49 of 3rd period - Yegor Sharangovich is hit by Kris Russell and loses puck.
3:07 of 3rd period - Icing by Andrej Sekera.
3:08 of 3rd period - Bo Horvat wins face-off versus Sean Monahan in Coyotes zone.
4:34 of 3rd period - Shot by Brandon Saad.
4:34 of 3rd period - Shot Misses the Net.
4:44 of 3rd period - Shot by Boone Jenner.
4:44 of 3rd period - Shot Blocked by Ryan Graves.
4:48 of 3rd period - Shot by Frank Vatrano.
4:48 of 3rd period - Shot Blocked by Brandon Saad.
4:50 of 3rd period - Shot by Jay Bouwmeester.
4:50 of 3rd period - Shot Blocked by MacKenzie Weegar.
4:54 of 3rd period - Shot by Boone Jenner.
4:54 of 3rd period - Shot Blocked by Patrice Bergeron.
4:56 of 3rd period - Shot by Michael Stone.
4:56 of 3rd period - Shot Misses the Net.
5:06 of 3rd period - Shot by Frank Vatrano.
5:06 of 3rd period - Deflect By Kaapo Kakko.
5:06 of 3rd period - Shot Misses the Net.
5:08 of 3rd period - Shot by Frank Vatrano.
5:08 of 3rd period - Shot Blocked by MacKenzie Weegar.
5:27 of 3rd period - Kiefer Sherwood is hit by Ryan Graves and loses puck.
6:05 of 3rd period - Yegor Sharangovich is hit by Kris Letang and loses puck.
6:08 of 3rd period - Shot by Jesper Bratt.
6:08 of 3rd period - Stopped by Semyon Varlamov without a rebound.
6:09 of 3rd period - Boone Jenner wins face-off versus Ryan Getzlaf in Jets zone.
6:17 of 3rd period - Frank Vatrano is hit by Aaron Ekblad and loses puck.
6:41 of 3rd period - Minor Penalty to Ryan Getzlaf for Tripping.
6:42 of 3rd period - Yegor Sharangovich wins face-off versus Bo Horvat in Jets zone.
6:59 of 3rd period - Shot by Miro Heiskanen.
6:59 of 3rd period - Shot Misses the Net.
7:01 of 3rd period - Shot by Sean Monahan.
7:01 of 3rd period - Shot Misses the Net.
7:03 of 3rd period - Shot by Yegor Sharangovich.
7:03 of 3rd period - Stopped by Semyon Varlamov without a rebound.
7:04 of 3rd period - Bo Horvat wins face-off versus Ryan Johansen in Jets zone.
7:38 of 3rd period - Shot by Jesper Bratt.
7:38 of 3rd period - Shot Misses the Net.
7:40 of 3rd period - Shot by Dante Fabbro.
7:40 of 3rd period - Shot Misses the Net.
8:25 of 3rd period - Shot by Jared McCann.
8:25 of 3rd period - Shot Blocked by Michal Kempny.
8:27 of 3rd period - Shot by Connor Brown.
8:27 of 3rd period - Shot Misses the Net.
8:48 of 3rd period - Frank Vatrano is hit by Kris Letang and loses puck.
9:01 of 3rd period - Shot by Boone Jenner.
9:01 of 3rd period - Shot Misses the Net.
9:03 of 3rd period - Shot by Michael Stone.
9:03 of 3rd period - Shot Misses the Net.
9:05 of 3rd period - Shot by Boone Jenner.
9:05 of 3rd period - Shot Blocked by Zach Sanford.
9:07 of 3rd period - Shot by Frank Vatrano.
9:07 of 3rd period - Shot Misses the Net.
9:11 of 3rd period - Shot by Frank Vatrano.
9:11 of 3rd period - Shot Misses the Net.
9:40 of 3rd period - Icing by Andrej Sekera.
9:41 of 3rd period - Ryan Getzlaf wins face-off versus Nick Paul in Coyotes zone.
10:10 of 3rd period - Shot by Robert Thomas.
10:10 of 3rd period - Goal by Robert Thomas - Coyotes : 3 - Jets : 4.
10:11 of 3rd period - Ryan Johansen wins face-off versus Bo Horvat in neutral zone.
10:24 of 3rd period - Jesper Bratt is hit by MacKenzie Weegar and loses puck.
10:27 of 3rd period - Shot by Jay Bouwmeester.
10:27 of 3rd period - Shot Misses the Net.
10:43 of 3rd period - Shot by Jesper Bratt.
10:43 of 3rd period - Stopped by Semyon Varlamov without a rebound.
10:44 of 3rd period - Patrice Bergeron wins face-off versus Sean Monahan in Jets zone.
12:08 of 3rd period - Shot by Ryan Johansen.
12:08 of 3rd period - Shot Blocked by MacKenzie Weegar.
12:10 of 3rd period - Shot by Ryan Johansen.
12:10 of 3rd period - Stopped by Semyon Varlamov with a rebound.
12:54 of 3rd period - Shot by Boone Jenner.
12:54 of 3rd period - Stopped by Semyon Varlamov without a rebound.
12:55 of 3rd period - Ryan Getzlaf wins face-off versus Nick Paul in Jets zone.
12:55 of 3rd period - Ryan Getzlaf is hit by Kiefer Sherwood.
13:24 of 3rd period - Shot by Robert Thomas.
13:24 of 3rd period - Stopped by Semyon Varlamov without a rebound.
13:25 of 3rd period - Patrice Bergeron wins face-off versus Boone Jenner in Jets zone.
13:25 of 3rd period - Patrice Bergeron is hit by Boone Jenner.
13:35 of 3rd period - Shot by Patrice Bergeron.
13:35 of 3rd period - Deflect By Jaden Schwartz.
13:35 of 3rd period - Shot Hit the Post.
13:37 of 3rd period - Shot by Aaron Ekblad.
13:37 of 3rd period - Goal by Aaron Ekblad - Coyotes : 3 - Jets : 5.
13:38 of 3rd period - Joe Thornton wins face-off versus Ryan Johansen in neutral zone.
13:54 of 3rd period - Off-side.
13:55 of 3rd period - Sean Monahan wins face-off versus Ryan Getzlaf in neutral zone.
13:57 of 3rd period - Pavel Zacha is hit by Kris Russell and loses puck.
14:07 of 3rd period - Icing by Aaron Ekblad.
14:08 of 3rd period - Ryan Getzlaf wins face-off versus Ryan Johansen in Jets zone.
14:08 of 3rd period - Aaron Ekblad is hit by Ryan Johansen and loses puck.
14:31 of 3rd period - Ryan Johansen is hit by Aaron Ekblad.
16:24 of 3rd period - Shot by Kaapo Kakko.
16:24 of 3rd period - Stopped by Semyon Varlamov without a rebound.
16:25 of 3rd period - Patrice Bergeron wins face-off versus Ryan Johansen in Jets zone.
17:24 of 3rd period - Icing by Gustav Forsling.
17:25 of 3rd period - Frank Vatrano wins face-off versus Joe Thornton in Jets zone.
18:20 of 3rd period - Kris Russell is hit by Frank Vatrano and loses puck.
18:35 of 3rd period - Shot by Aaron Ekblad.
18:35 of 3rd period - Deflect By Nazem Kadri.
18:35 of 3rd period - Shot Blocked by Pavel Zacha.
18:37 of 3rd period - Shot by Bo Horvat.
18:37 of 3rd period - Stopped by Tuukka Rask without a rebound.
18:38 of 3rd period - Patrice Bergeron wins face-off versus Nick Paul in Coyotes zone.
18:47 of 3rd period - Shot by Patrice Bergeron.
18:47 of 3rd period - Stopped by Tuukka Rask without a rebound.
18:48 of 3rd period - Ryan Johansen wins face-off versus Ryan Getzlaf in Coyotes zone.
18:48 of 3rd period - Ryan Johansen is hit by Ryan Hartman.
19:48 of 3rd period - Icing by Jay Bouwmeester.
19:49 of 3rd period - Patrice Bergeron wins face-off versus Sean Monahan in Coyotes zone.
19:50 of 3rd period - Shot by Brandon Saad.
19:50 of 3rd period - Deflect By Jaden Schwartz.
19:50 of 3rd period - Shot Blocked by Jay Bouwmeester.
Goals for this period are 1 for Coyotes vs 1 for Jets.
Shots for this period are 8 for Coyotes vs 3 for Jets.